Map: 暮色之塔

Players

SheiDeYiDa - Winner!

  • Race: Terran Terran

terstarus

  • Race: Protoss Protoss

VOD

Have the link to the VOD?

Description

Time

  • Played on: Feb. 9, 2016, 3:59 a.m.
  • Length: 8:13
Show
View Real Time Build Order
Export as new Build Order

SheiDeYiDa Terran - Winner!

Build Orders:  

Get SALT Encoding   

  12  0:01  SCV  
  13  0:14  SCV  
  14  0:18  Supply Depot  
  14  0:26  SCV  
  15  0:39  SCV  
  15  0:41  Barracks  
  16  0:46  Refinery  
  16  0:51  SCV  
  17  1:04  SCV  
  18  1:16  SCV  
  19  1:28  Supply Depot, SCV  
  20  1:35  Marine  
  21  1:40  SCV  
  21  1:42  Refinery  
  22  1:52  SCV  
  23  1:59  Barracks Reactor  
  23  2:04  SCV  
  24  2:14  Command Center  
  24  2:19  SCV  
  24  2:20  Engineering Bay  
  25  2:35  Marine x2  
  27  2:37  Orbital Command  
  27  2:58  Factory  
  27  2:59  Terran Infantry Weapons Level 1  
  27  3:02  Missile Turret  
  27  3:05  Marine x2  
  29  3:21  SCV  
  29  3:26  Marine x2  
  32  3:33  Barracks  
  32  3:34  SCV  
  33  3:36  Orbital Command  
  33  3:43  Factory Tech Lab  
  33  3:46  SCV  
  34  3:50  Starport  
  34  4:00  Marine x2  
  36  4:04  SCV x2  
  38  4:11  Missile Turret  
  38  4:16  SCV x2  
  40  4:20  Supply Depot  
  40  4:25  Barracks Tech Lab  
  40  4:28  SCV x2  
  42  4:33  Refinery  
  42  4:34  Refinery  
  42  4:35  Starport Reactor  
  42  4:40  SCV x2  
  42  4:41  Siege Tank  
  47  4:46  Marauder  
  47  4:51  Supply Depot  
  47  4:52  SCV  
  50  4:58  SCV  
  51  5:00  Terran Infantry Armor Level 1  
  51  5:04  SCV  
  51  5:06  Marine x2  
  54  5:08  Armory  
  54  5:12  Supply Depot  
  54  5:13  Supply Depot, SCV  
  55  5:16  SCV  
  56  5:25  SCV  
  57  5:28  SCV  
  52  5:37  SCV  
  52  5:40  SCV  
  52  5:42  Liberator x2  
  54  5:44  Marine  
  54  5:45  Marine x2  
  47  6:02  Marine x2  
  47  6:03  Marine  
  56  6:15  SCV  
  56  6:16  SCV  
  56  6:18  Siege Tank  
  61  6:20  Marine x3  
  64  6:38  Marine x2, Reaper  
  67  6:41  Concussive Shells  
  67  6:42  Liberator x2  
  67  6:48  Barracks x2  
  67  6:56  Marine x2  
  75  7:10  Marine  
  75  7:14  Marine x2  
  78  7:38  Supply Depot  
  78  7:39  Supply Depot  
  78  7:40  Supply Depot  
  78  7:52  Marine x2  
Show
View Real Time Build Order
Export as new Build Order

terstarus Protoss 

Build Orders:  

Get SALT Encoding   

  12  0:18  Probe (Chrono Boost)  
  13  0:28  Probe (Chrono Boost)  
  14  0:39  Probe (Chrono Boost)  
  15  0:45  Pylon  
  15  1:03  Probe (Chrono Boost)  
  16  1:10  Pylon  
  16  1:21  Pylon  
  16  1:29  Pylon  
  15  1:47  Probe (Chrono Boost)  
  16  1:58  Probe (Chrono Boost)  
  18  2:08  Probe (Chrono Boost)  
  18  2:19  Probe (Chrono Boost)  
  18  2:21  Forge  
  19  2:29  Pylon, Probe (Chrono Boost)  
  20  2:40  Probe (Chrono Boost)  
  20  2:41  Assimilator  
  21  2:48  Assimilator  
  21  2:50  Probe (Chrono Boost)  
  22  2:58  Photon Cannon  
  22  3:01  Probe (Chrono Boost)  
  22  3:04  Gateway  
  23  3:12  Probe (Chrono Boost)  
  24  3:13  Gateway  
  24  3:19  Photon Cannon  
  24  3:24  Photon Cannon  
  24  3:30  Photon Cannon  
  24  3:34  Gateway  
  24  3:39  Gateway  
  24  3:45  Gateway  
  24  3:51  Photon Cannon  
  24  3:53  Zealot  
  26  4:06  Zealot (Chrono Boost)  
  28  4:22  Cybernetics Core, Zealot (Chrono Boost)  
  30  4:53  Pylon  
  30  5:07  Pylon  
  30  5:13  Photon Cannon, Zealot (Chrono Boost)  
  38  5:14  Zealot x3 (Chrono Boost)  
  40  5:29  Zealot (Chrono Boost)  
  40  5:41  Zealot (Chrono Boost)  
  40  5:42  Zealot (Chrono Boost)  
  38  5:52  Zealot (Chrono Boost)  
  38  5:56  Zealot (Chrono Boost)  
  38  5:57  Zealot (Chrono Boost)  
  44  6:08  Zealot (Chrono Boost)  
  46  6:15  Pylon  
  46  6:22  Zealot (Chrono Boost)  
  46  6:28  Zealot (Chrono Boost)  
  46  6:29  Zealot (Chrono Boost)  
  46  6:37  Zealot x2 (Chrono Boost)  
  50  6:41  Photon Cannon  
  50  6:44  Pylon  
  52  6:49  Zealot (Chrono Boost)  
  52  6:52  Zealot (Chrono Boost)  
  42  7:45  Photon Cannon  
Tags
 
Add a new tag
Caveats
  • Supply blocks, unpowered buildings, or Contaminate may cause inaccurate times.
  • Supply counts are checked every 10 seconds.